 Dungeon Crawl Stone Soup version 0.17-a0-469-g696e5a1 (webtiles) character file.

18 inmateoo the Grasshopper (level 2, -2/21 HPs)
             Began as a Demigod Warper on Apr 7, 2015.
             Slain by a gnoll (8 damage)
             ... on level 1 of the Dungeon.
             The game lasted 00:01:33 (1466 turns).

inmateoo the Grasshopper (Demigod Warper)           Turns: 1466, Time: 00:01:34

Health: -2/21      AC:  1    Str: 14    XL:     2   Next: 33%
Magic:  7/7        EV: 12    Int: 17    God:
Gold:   72         SH:  0    Dex: 15    Spells: 1 memorised, 4 levels left

rFire  . . .     SeeInvis .     a - +1 spear
rCold  . . .     Clarity  .     b - +0 leather armour
rNeg   . . .     SustAb   +     (no shield)
rPois  +         Gourm    .     (no helmet)
rElec  .         Spirit   .     (no cloak)
rCorr  .         Warding  .     (no gloves)
rMut   .         Stasis   .     (no boots)
MR     .....                    (no amulet)
Stlth  +.........               (no ring)
                                (no ring)

@: not resistant to hostile enchantments, very unstealthy
A: deformed body, deterioration 1, frail 1, high mp 1, poison resistance,
sustain abilities
a: no special abilities


You were on level 1 of the Dungeon.
You were not hungry.

You visited 1 branch of the dungeon, and saw 1 of its levels.

You collected 72 gold pieces.

Inventory:

Hand weapons
 a - a +1 spear (weapon)
Armour
 b - a +0 leather armour (worn)
Scrolls
 d - a scroll of blinking
 g - 2 scrolls of remove curse
Potions
 h - a potion of cure mutation {unknown}
Books
 c - a book of Spatial Translocations

   Spells                             Type                      Level
   a - Apportation                    Translocation                1
   b - Blink                          Translocation                2
   c - Shroud of Golubria             Charms/Translocation         2
   d - Portal Projectile              Translocation                3
   e - Teleport Other                 Translocation                3
   f - Passage of Golubria            Translocation                4
Comestibles
 f - a bread ration


   Skills:
 + Level 1.7 Fighting
 * Level 2.0 Polearms
 - Level 0.8 Throwing
 + Level 1.1 Armour
 + Level 2.0 Dodging
 + Level 2.0 Spellcasting
 + Level 2.9 Translocations


You had 4 spell levels left.
You knew the following spells:

 Your Spells              Type           Power        Failure   Level  Hunger
a - Apportation           Tloc           ##........   10%         1    #......


Dungeon Overview and Level Annotations

Branches:
Dungeon (1/15)


Innate Abilities, Weirdness & Mutations

You have an increased reservoir of magic (+10% MP).
Your attributes are resistant to harm.
Armour fits poorly on your strangely shaped body.
Your body is slowly deteriorating.
You are frail (-10% HP).
Your system is resistant to poisons.


Message History

Okay, then.
Attack whom?
Press: ? - help, Dir - move target cursor, f/p - gnoll
Aim: a gnoll (lightly wounded)
You hit the gnoll.
The gnoll is heavily wounded.
The gnoll barely misses you.
Attack whom?
Press: ? - help, Dir - move target cursor, f/p - gnoll
Aim: a gnoll (heavily wounded)
You closely miss the gnoll.
The gnoll is heavily wounded.
The gnoll closely misses you.
Attack whom?
Press: ? - help, Dir - move target cursor, f/p - gnoll
Aim: a gnoll (moderately wounded)
You hit the gnoll.
The gnoll is heavily wounded.
The gnoll hits you!
You die...

###### ### #######....#
#(###....##....#
#..####..##....#
##...##....##...#
#....###...###.g# #####
##.....##....#..@######...#
.#..#..###...##.....(...#.#
....#...##....#.##....###.#
>.......###...#....#### #.#
.........###..###### #.#
.##.##...##...'.## #.#
######.<..#..##..# #.# #
###..#..##..## #.# #
#.......#..#######.#######


You could see a gnoll.

Vanquished Creatures
  2 giant cockroaches (D:1)
  2 goblins (D:1)
  4 hobgoblins (D:1)
  2 ball pythons (D:1)
  2 bats (D:1)
  2 giant newts (D:1)
  4 rats (D:1)
18 creatures vanquished.

Notes
Turn   | Place    | Note
--------------------------------------------------------------
     0 | D:1      | inmateoo, the Demigod Warper, began the quest for the Orb.
     0 | D:1      | Reached XP level 1. HP: 17/17 MP: 5/5
   117 | D:1      | Reached skill level 1 in Armour
   841 | D:1      | Reached XP level 2. HP: 24/24 MP: 7/7
   979 | D:1      | Gained mutation: You expend magic power (3 MP) to strengthen your wands. [potion of mutation]
   979 | D:1      | Gained mutation: Your system is resistant to poisons. [potion of mutation]
   979 | D:1      | Gained mutation: Armour fits poorly on your strangely shaped body. [potion of mutation]
   980 | D:1      | Lost mutation: You expend magic power (3 MP) to strengthen your wands. [potion of mutation]
   980 | D:1      | Gained mutation: You are frail (-10% HP). [potion of mutation]
   980 | D:1      | Gained mutation: Your body is slowly deteriorating. [potion of mutation]
  1466 | D:1      | Slain by a gnoll

Action                   || total
-------------------------++-------
Melee: Spear             ||    71
Throw: Tomahawk          ||     5
  Use: Scroll            ||     3
       Potion            ||     2
 Stab: Sleeping          ||     2
  Eat: Chunk             ||     2
